AoeStats
← Assadar

Nomad

510611874Analyzed
2v2 RM · 23h ago on Oct 1, 2026· 34m 39s· 4 players
Game mode
Random Map
Map size
176×176
Population
200
Speed
Normal
Resources
Standard
Victory
Conquest
Starting age
Dark Age
Ending age
Imperial Age
RankedLock teamsTeams togetherTeam positionsShared explorationLock speedFull tech treeHidden civsTurbo modeCheats
Victory
Defeat
🇺🇸 Danes · United States
686
+16
🇨🇴 Romans · Colombia
669
+17
🇺🇸 Varangians · United States
692
-16
🇺🇸 Danes · United States
692
-17
Matisidio58
11:05 Loom
13:51 Feudal Age
16:06 Fishing Lines
24:54 Castle Age
23:13 Bloodlines
25:44 Scale Mail Armor
25:56 Forging
28:51 Gillnets
32:43 Pikeman
crirob2016
3:44 Loom
13:45 Feudal Age
14:13 Fishing Lines
15:19 Double-Bit Axe
15:30 Gold Mining
17:09 Town Watch
19:10 Wheelbarrow
19:29 Man-at-Arms
21:22 Bloodlines
22:09 Scale Mail Armor
25:44 Scale Barding Armor
29:28 Castle Age
30:08 Pikeman
30:48 Squires
31:54 Forging
31:16 Long Swordsman
34:50 Padded Archer Armor
35:08 Chain Mail Armor
Crawp
3:00 Loom
19:04 Feudal Age
23:25 Bloodlines
Assadar
3:15 Loom
18:07 Feudal Age
18:57 Fishing Lines
22:16 Castle Age
20:16 Double-Bit Axe
23:18 Fletching
24:02 Gillnets
24:23 Medium Warships
25:11 Bodkin Arrow
25:17 Padded Archer Armor
24:40 Crossbowman
29:31 Scale Barding Armor
29:29 Scale Mail Armor
30:02 Thumb Ring
30:50 Bow Saw
31:52 Murder Holes
32:15 Guard Tower
Connection lost

Rejoining the realm…

Still unreachable

The connection could not be restored.

Session expired

The server has moved on; the page needs a fresh start.